 Dungeon Crawl Stone Soup version 0.31-a0-664-g902f515a81 (webtiles) character file.

Game seed: 11351325786062821319

1 Xavori the Cutter (level 1, -4/16 HPs)
             Began as an Octopode Chaos Knight on Sept 3, 2023.
             Was a Plaything of Xom.
             Slain by a mana viper (glowing shapeshifter) (9 damage)
             ... on level 1 of the Dungeon.
             The game lasted 00:00:03 (52 turns).

Xavori the Cutter (Octopode Chaos Knight)             Turns: 52, Time: 00:00:05

Health: -4/16      AC:  1    Str: 11    XL:     1   Next: 20%
Magic:  1/1        EV: 13    Int: 14    God:    Xom [..*...]
Gold:   14         SH:  0    Dex: 11    Spells: 0/0 levels left

rFire   . . .        a - +0 short sword (chaos)
rCold   . . .        (no shield)
rNeg    . . .        (helmet restricted)
rPois   .            (no amulet)
rElec   .            (no ring)
rCorr   .            (no ring)
SInv    .            (no ring)
Will    .....        (no ring)
Stlth   ++           (no ring)
HPRegen 0.22/turn    (no ring)
MPRegen 0.07/turn    (no ring)
                     (no ring)

%: no passive effects
@: no status effects
A: almost no armour, amphibious, 8 rings, camouflage 1, gelatinous body 1,
(nimble swimmer 1), tentacles
a: Renounce Religion


You were on level 1 of the Dungeon.
You worshipped Xom.
You were a toy of Xom.
You visited 1 branch of the dungeon, and saw 1 of its levels.

You collected 14 gold pieces.

Inventory:

Hand Weapons
 a - a +0 short sword of chaos (weapon)
Scrolls
 b - a scroll of butterflies


   Skills:
 + Level 3.0 Fighting
 + Level 3.0 Short Blades
 + Level 2.4 Dodging


You couldn't memorise any spells.
You didn't know any spells.
Your spell library was empty.

Dungeon Overview and Level Annotations

Branches:
Dungeon (1/15)

Altars:


Innate Abilities, Weirdness & Mutations

You cannot wear most types of armour.
You are amphibious.
You can wear up to eight rings at the same time.
Your skin changes colour to match your surroundings (Stealth+).
Your rubbery body absorbs attacks. (AC +1, EV +1)
((You are camouflaged when in or above water. (Stealth+)))
You have tentacles for arms and can constrict up to eight enemies at once.


Message History

There are monsters nearby!
There are monsters nearby!
You hit the endoplasm but do no damage. The endoplasm freezes you.
You are frozen.
There are monsters nearby!
You barely miss the endoplasm. The endoplasm freezes you.
You are frozen.
A shower of butterflies erupts from you!
There are monsters nearby!
You are too injured to fight recklessly!
There are monsters nearby!
You are too injured to fight recklessly!
There are monsters nearby!
You are too injured to fight recklessly!
You are too injured to fight recklessly!
Unknown command.
You barely miss the endoplasm. The endoplasm freezes you.
You are frozen.
* * * LOW HITPOINT WARNING * * *
You hit the endoplasm but do no damage.
The endoplasm changes into a glowing shapeshifter!
Your grab misses the glowing shapeshifter.
You squeeze the glowing shapeshifter!
The glowing shapeshifter is lightly wounded.
The endoplasm quivers.
You hit the glowing shapeshifter. You burn the glowing shapeshifter.
You grab the glowing shapeshifter.
The glowing shapeshifter is moderately wounded.
You constrict the glowing shapeshifter.
You lose your grip on the mana viper.
The glowing shapeshifter changes into a mana viper!
You hit the mana viper.
The mana viper is poisoned.
Your grab misses the mana viper. Your squeeze misses the mana viper.
The mana viper is moderately wounded.
The mana viper bites you!
Ouch! That really hurt!
You die...
Xom titters!

....#..#...#..#....
.....#..##.##..#.....
..#.#....#.#....#.#..
...)......#..........
....................
......b.............
...#....b.......... .
#...............
#@..###..†......
#.S..b.......####.
.B.............#
..........b.......
..(#...............
.. .....#$#.#.......
. ......#.#.#..?.....
.........# #


You could see a mana viper shaped shifter (very poisoned, ally target) and a
giant cockroach (asleep).

Vanquished Creatures
  A bat (D:1)
  A rat (D:1)
2 creatures vanquished.

Notes
Turn   | Place    | Note
-------+----------+-------------------------------------------
     0 | D:1      | Xavori the Octopode Chaos Knight began the quest for the
                  | Orb.
     0 | D:1      | Reached XP level 1. HP: 16/16 MP: 1/1
    48 | D:1      | XOM: butterfly on damage
    50 | D:1      | an endoplasm changed into a glowing shapeshifter
    50 | D:1      | Noticed a glowing shapeshifter (glowing shapeshifter)
    51 | D:1      | a glowing shapeshifter changed into a mana viper
    51 | D:1      | Noticed a mana viper (glowing shapeshifter)
    52 | D:1      | Slain by a mana viper (glowing shapeshifter)

Illustrated notes

Levels and vault maps discovered:
D:1:      erik_arrival_blinker_ship, layout_basic, moated_statue, hex_medium

Action                     || total
---------------------------++-------
  Melee: Short sword       ||    10
         Constrict         ||     2
         Tentacles         ||     1
   Stab: Sleeping          ||     1
 Armour: Skin              ||     3
  Dodge: Dodged            ||     1

Table legend: (Time is in decaauts)
 A = Elapsed time spent in this place.
 B = Non-inter-level travel time spent in this place.
 C = Inter-level travel time spent in this place.
 D = Time resting spent in this place.
 E = Time spent auto-exploring this place.
 F = Levels seen in this place.
 G = Mean time per level.
                   A        B        C        D        E       F      G
               +--------+--------+--------+--------+--------+-----+--------+
         Total |     50 |     50 |      0 |      0 |     33 |   1 |   50.0 |
       Dungeon |     50 |     50 |      0 |      0 |     33 |   1 |   50.0 |
               +--------+--------+--------+--------+--------+-----+--------+

Top non-repeatable levels by time:
     D:1: 50 daAuts
